Map: Ephemeron LE

Players

Mortlock - Winner!

  • Race: Terran Terran
  • League: Silver
  • Spawn Location: 11:00

A.I. 1 (Hard)

  • Race: Terran Terran
  • Spawn Location: 5:00

VOD

Have the link to the VOD?

Description

Time

  • Played on: Dec. 27, 2019, 7:06 a.m.
  • Length: 12:03
Show
View Real Time Build Order
Export as new Build Order

Mortlock Terran - Winner!

Build Orders:  

Get SALT Encoding   

  12  0:00  SCV  
  13  0:13  SCV  
  14  0:17  Supply Depot  
  14  0:25  SCV  
  15  0:29  Refinery  
  15  0:38  SCV  
  16  0:46  Barracks  
  16  0:50  SCV  
  17  1:03  SCV  
  18  1:15  SCV  
  19  1:32  Orbital Command  
  19  1:34  Barracks Reactor  
  19  1:46  Command Center  
  19  1:55  Supply Depot  
  19  1:58  SCV  
  20  2:09  Factory  
  20  2:12  SCV  
  21  2:19  Marine x2  
  23  2:31  SCV  
  24  2:37  Marine x2  
  24  2:38  Refinery  
  24  2:44  SCV  
  27  2:55  Marine  
  27  2:56  SCV, Marine  
  27  2:58  Orbital Command  
  30  3:01  Starport  
  30  3:02  Factory Tech Lab  
  30  3:08  SCV  
  31  3:13  Marine x2  
  33  3:23  SCV x2  
  35  3:30  Siege Tank  
  35  3:31  Marine x2  
  40  3:35  SCV  
  40  3:40  Starport Reactor  
  41  3:41  Supply Depot  
  41  3:45  SCV  
  41  3:47  SCV  
  43  3:53  Marine x2  
  45  3:57  SCV  
  46  4:03  SCV, Siege Tank  
  46  4:04  Supply Depot  
  50  4:14  Supply Depot, SCV  
  50  4:15  SCV  
  52  4:17  Marine x2  
  54  4:26  Medivac x2  
  54  4:27  Supply Depot  
  54  4:30  SCV  
  59  4:31  SCV  
  59  4:36  Refinery  
  59  4:37  Supply Depot  
  60  4:39  Refinery  
  60  4:46  Barracks  
  60  4:51  Barracks  
  60  4:54  SCV  
  60  4:56  SCV  
  62  5:01  Engineering Bay  
  62  5:06  SCV  
  63  5:08  SCV, Marine  
  63  5:13  Siege Tank  
  68  5:16  Medivac  
  70  5:21  Supply Depot  
  70  5:32  Supply Depot  
  70  5:34  Marine x2  
  70  5:35  Barracks Tech Lab  
  72  5:37  SCV  
  72  5:38  SCV  
  74  5:49  SCV, Barracks Reactor  
  75  5:50  SCV  
  75  5:54  Barracks  
  76  6:00  Barracks, Terran Infantry Weapons Level 1  
  76  6:06  Medivac x2, Siege Tank  
  76  6:08  Marine x2  
  85  6:15  Missile Turret  
  85  6:19  Missile Turret  
  85  6:23  Missile Turret  
  85  6:26  Missile Turret  
  85  6:29  Missile Turret  
  85  6:30  Marine x5  
  90  6:37  Stimpack  
  90  6:44  Supply Depot  
  90  6:46  Supply Depot  
  90  6:51  Barracks Tech Lab  
  90  6:52  Barracks Reactor  
  90  7:03  Medivac x2, Siege Tank  
  90  7:04  Marine x2  
  90  7:06  Marine x2  
  90  7:07  Marine  
  102  7:12  Engineering Bay  
  102  7:18  Marine  
  102  7:22  Supply Depot, Marine x2  
  104  7:24  Marine x2  
  107  7:30  Supply Depot  
  107  7:35  Siege Tank  
  110  7:38  Medivac  
  110  7:40  Medivac, Marine x2  
  116  7:45  Marine x2  
  116  7:46  Marine x2  
  116  7:49  Marine x2  
  116  7:50  Supply Depot  
  122  7:53  Terran Infantry Armor Level 1  
  122  7:59  Armory  
  122  8:08  Medivac, Siege Tank  
  122  8:09  Marine  
  122  8:10  Medivac, Marine  
  131  8:16  Supply Depot  
  131  8:19  Supply Depot  
  131  8:25  Marine  
  131  8:26  Marine x3  
  135  8:48  Siege Tank  
  138  8:50  Marine x5  
  138  8:51  Marine x3  
  138  8:52  Medivac  
  138  8:54  Medivac  
  132  10:37  Supply Depot  
  132  10:38  Supply Depot  
  130  11:03  Supply Depot  
  130  11:04  Supply Depot  
Show
View Real Time Build Order
Export as new Build Order

A.I. 1 (Hard) Terran 

Build Orders:  

Get SALT Encoding   

  12  0:00  SCV  
  13  0:13  SCV  
  14  0:18  Supply Depot  
  14  0:25  SCV  
  15  0:40  SCV  
  16  0:44  Barracks  
  16  0:49  Refinery  
  16  0:52  SCV  
  17  1:04  SCV  
  18  1:16  SCV  
  19  1:21  Supply Depot  
  19  1:29  SCV  
  19  1:31  Marine  
  21  1:42  Orbital Command, Barracks  
  21  1:49  Barracks Tech Lab  
  21  1:50  Refinery  
  21  2:04  Factory  
  21  2:07  Marine  
  22  2:25  Supply Depot  
  22  2:31  Marine  
  22  2:36  Marine  
  24  2:49  Marine  
  24  2:50  Hellion  
  27  2:52  Supply Depot  
  27  3:07  SCV  
  27  3:11  Hellion  
  31  3:20  Engineering Bay, SCV  
  31  3:32  SCV, Hellion  
  34  3:35  Supply Depot  
  34  3:44  SCV  
  35  3:54  Hellion  
  37  3:56  SCV  
  38  4:08  SCV  
  39  4:15  Hellion  
  41  4:37  Hellion  
  43  4:40  Stimpack, Barracks Tech Lab  
  43  4:41  Terran Infantry Weapons Level 1  
  43  4:42  Marauder  
  43  4:43  Factory  
  45  4:46  Starport  
  45  4:52  Starport  
  45  4:58  Factory Tech Lab, Combat Shield  
  45  5:03  Marauder  
  47  5:08  Marine  
  48  5:18  Supply Depot  
  48  5:19  Siege Tank  
  51  5:24  Starport Tech Lab  
  51  5:27  Factory Tech Lab  
  51  5:28  Starport Tech Lab  
  51  5:45  Cyclone  
  54  5:53  Command Center  
  54  5:56  Viking  
  56  6:16  Missile Turret  
  56  6:21  Missile Turret  
  56  6:27  Armory  
  56  6:29  Supply Depot  
  56  6:35  Terran Infantry Armor Level 1  
  56  6:43  Bunker  
  56  7:05  SCV, Barracks  
  56  7:06  SCV, Refinery  
  58  7:13  Missile Turret  
  58  7:15  Refinery  
  58  7:16  Thor  
  58  7:17  SCV  
  58  7:18  SCV  
  66  7:24  Raven  
  66  7:29  SCV  
  69  7:30  SCV, Missile Turret  
  70  7:41  SCV  
  70  7:43  SCV  
  72  7:49  Bunker  
  72  7:50  Raven  
  74  7:53  SCV  
  74  7:55  SCV  
  76  7:59  Supply Depot  
  77  8:05  SCV  
  77  8:07  SCV  
  77  8:10  Sensor Tower  
  78  8:13  Barracks Reactor  
  78  8:17  SCV  
  78  8:19  SCV  
  80  8:29  SCV  
  80  8:31  SCV  
  82  8:42  SCV  
  82  8:43  SCV  
  82  8:46  Supply Depot  
  84  8:54  SCV  
  85  8:56  Widow Mine, Medivac x2  
  91  9:07  Marine  
  91  9:08  Supply Depot  
  92  9:12  Marine  
  92  9:16  Marine  
  94  9:20  Marine  
  95  9:25  Marine  
  95  9:26  Medivac, Raven  
  95  9:30  Marine  
  101  9:31  Supply Depot  
  101  9:32  Command Center  
  101  9:34  Widow Mine  
  103  9:44  Marauder  
  105  9:48  Marauder  
  105  9:51  Concussive Shells  
  107  9:55  Banshee  
  107  9:59  Supply Depot  
  66  10:08  Marine  
  66  10:10  Medivac  
  66  10:13  Marine  
  61  10:18  Widow Mine  
  53  10:26  Marine  
  40  10:30  Marine  
  37  10:44  Marine  
  37  10:48  Marine  
  18  11:00  SCV  
  18  11:02  SCV  
  7  11:14  SCV  
  4  11:26  SCV  
  4  11:27  Barracks  
  4  11:38  SCV  
Tags
 
League
Silver
Matchup
TvT
Race
Terran
Spawn Locations
Cross Positions
Add a new tag
Caveats
  • Supply blocks, unpowered buildings, or Contaminate may cause inaccurate times.
  • Supply counts are checked every 10 seconds.